 Dungeon Crawl Stone Soup version 0.30-a0-54-g2e61a25929 (webtiles) character file.

Game seed: 2520671089004056764

154 kae the Firebug (level 4, -4/33 HPs)
             Began as a Demigod Fire Elementalist on Sept 7, 2022.
             Killed by divine providence
             ... invoked by an orc priest
              (13 damage)
             ... on level 4 of the Dungeon.
             The game lasted 00:02:38 (3417 turns).

kae the Firebug (Demigod Fire Elementalist)         Turns: 3417, Time: 00:02:38

Health: -4/33      AC:  2    Str:  9    XL:     4   Next: 88%
Magic:  8/10       EV: 12    Int: 21    God:
Gold:   169        SH:  0    Dex: 10    Spells: 2/8 levels left

rFire   . . .      SeeInvis .    i - +12 war axe of Nier {freeze, rN+ Will+ Dex-4}
rCold   . . .      Faith    .    (no shield)
rNeg    + . .      Spirit   .    a - +0 robe
rPois   +          Reflect  .    (no helmet)
rElec   .          Harm     .    (no cloak)
rCorr   .          Rampage  .    (no gloves)
Will    +....                    (no boots)
Stlth   ++........               t - amulet of magic regeneration
HPRegen 0.11/turn                P - ring of poison resistance
MPRegen 0.52/turn                (no ring)

@: no status effects
A: high MP 1, forlorn, divine attributes
a: no special abilities


You were on level 4 of the Dungeon.
You visited 1 branch of the dungeon, and saw 4 of its levels.

You collected 169 gold pieces.


Innate Abilities, Weirdness & Mutations

You have an increased reservoir of magic. (+10% MP)
You shall have no god before yourself.
Your divine heritage dramatically boosts your attributes as you level up.


   Skills:
 - Level 1.7 Dodging
 - Level 1.7 Stealth
 + Level 2.5 Spellcasting
 * Level 2.9 Conjurations
 * Level 3.9 Fire Magic


You had 2 spell levels left.
You knew the following spells:

 Your Spells              Type           Power      Damage    Failure   Level
a - Foxfire               Conj/Fire      68%        2x1d7     3%          1
b - Scorch                Fire           38%        2d7       4%          2
c - Conjure Flame         Conj/Fire      17%        6-21      10%         3

Your spell library contained the following spells:

 Spells                   Type           Power      Damage    Failure   Level
 Shock                    Conj/Air       32%        1d5       8%          1
 Inner Flame              Hex/Fire       11%        N/A       19%         3
 Flame Wave               Conj/Fire      17%        2d7       32%         4
 Swiftness                Air            2%         N/A       38%         3
 Airstrike                Air            1%         2d(1-17)  80%         4

Inventory:

Hand Weapons
 c - a +3 hand axe of electrocution
   (You found it on level 1 of the Dungeon)
 i - the +12 war axe of Nier (weapon) {freeze, rN+ Will+ Dex-4}
   (You found it on level 2 of the Dungeon)

   It freezes those it strikes, dealing additional cold damage.
   It can also slow down cold-blooded creatures.
   Dex:       It affects your dexterity (-4).
   rN:        It protects you from negative energy.
   Will:      It increases your willpower.
Missiles
 h - 5 javelins
 k - 30 stones
 s - 2 poisoned darts
Armour
 a - a +0 robe (worn)
Magical Staves
 l - a staff of cold {!a}
   (You found it on level 2 of the Dungeon)
Jewellery
 t - an amulet of magic regeneration (around neck)
   (You found it on level 3 of the Dungeon)
 u - an amulet of reflection
   (You found it on level 3 of the Dungeon)
 P - a ring of poison resistance (left hand)
   (You found it on level 2 of the Dungeon)
Wands
 v - a wand of flame (15)
   (You found it on level 4 of the Dungeon)
Scrolls
 d - a scroll of butterflies
 f - 3 scrolls of magic mapping {!r}
 j - 2 scrolls of fear
 m - 2 scrolls of poison
 n - a scroll of blinking {!r}
 p - a scroll of enchant armour {unknown}
 q - a scroll of teleportation {unknown}
Potions
 b - 2 potions of magic
 e - 2 potions of curing {@q1}
 g - 2 potions of haste {@q3}
 o - a potion of lignification {!q}
 r - a potion of mutation {unknown}
 w - 2 potions of cancellation {unknown}

Dungeon Overview and Level Annotations

Branches:
Dungeon (4/15) Zot: 20579
 Temple: D:4-7

####.# ##...... #.###
###..#. #...## #..#. ..#
#.....## ##..#. ###..
#####.##..####..... ......
................... ♣.....
#.................
~.....####§.......†..#####
♣.....))@§..........#
~♣....o..............##
~~.†........#..)...).....
P~#..#..⌠...........#....
≈~~.o......)†.............
≈≈o♣......................
♣#.....................
#....................
♣.....................


You could see an orc priest and 2 orcs.


Message History

The foxfire hits the adder.
You kill the adder!
You now have 141 gold pieces (gained 17).
Things that are here:
a +0 club; a goblin corpse You see here an adder corpse.
Key pressed, stopping explore.
Casting: Foxfire (safe; 3% risk of failure)
Confirm with . or Enter, or press ? or * to list all spells.
You conjure some foxfire!
Things that are here:
a +0 short sword; a kobold corpse
Found a stone staircase leading down.
Casting: Foxfire (safe; 3% risk of failure)
Confirm with . or Enter, or press ? or * to list all spells.
You conjure some foxfire!
You now have 150 gold pieces (gained 9).
You now have 156 gold pieces (gained 6).
There is a fountain of sparkling water here.
A ball python comes into view.
You hear a splashing noise.
You see here 13 gold pieces.
A ball python is nearby!
A ball python is nearby!
A ball python is nearby!
Casting: Foxfire (safe; 3% risk of failure)
Confirm with . or Enter, or press ? or * to list all spells.
You conjure some foxfire!
The foxfire hits the ball python.
You kill the ball python!
Casting: Foxfire (safe; 3% risk of failure)
Confirm with . or Enter, or press ? or * to list all spells.
You conjure some foxfire!
You hear a splashing noise. x2
You now have 169 gold pieces (gained 13).
An orc comes into view. It is wielding a +0 dagger.
Casting: Foxfire (safe; 3% risk of failure)
Confirm with . or Enter, or press ? or * to list all spells.
You conjure some foxfire!
The orc shouts!
You hear a shout!
An orc comes into view. It is wielding a +0 flail.
The foxfire hits the orc but does no damage. x2
There are monsters nearby!
There are monsters nearby!
There are monsters nearby!
Casting: Foxfire (safe; 3% risk of failure)
Confirm with . or Enter, or press ? or * to list all spells.
You conjure some foxfire!
The foxfire hits the orc.
The foxfire hits the orc but does no damage.
Casting: Foxfire (safe; 3% risk of failure)
Confirm with . or Enter, or press ? or * to list all spells.
You conjure some foxfire!
The foxfire hits the orc.
Casting: Foxfire (safe; 3% risk of failure)
Confirm with . or Enter, or press ? or * to list all spells.
You conjure some foxfire!
The foxfire hits the orc.
You kill the orc!
The foxfire hits the orc but does no damage.
Casting: Foxfire (safe; 3% risk of failure)
Confirm with . or Enter, or press ? or * to list all spells.
You conjure some foxfire!
An orc priest comes into view. It is wielding a +0 short sword.
The foxfire hits the orc but does no damage. x2
Casting: Foxfire (safe; 3% risk of failure)
Confirm with . or Enter, or press ? or * to list all spells.
You conjure some foxfire!
The orc priest mumbles some strange prayers to Beogh against you.
Beogh smites you! The orc barely misses you.
The foxfire hits the orc but does no damage. x2
The orc hits you with a +0 flail.
* * * LOW HITPOINT WARNING * * *
😨 HP[-18]
You take 18 damage, and now have 15/33 hp.
MASSIVE DAMAGE!! (PAUSE)
Casting: Foxfire (safe; 3% risk of failure)
Confirm with . or Enter, or press ? or * to list all spells.
You conjure some foxfire!
The orc closely misses you.
An orc comes into view. It is wielding a +0 hand axe.
The foxfire hits the orc but does no damage.
The foxfire hits the orc.
The orc closely misses you.
Casting: Foxfire (safe; 3% risk of failure)
Confirm with . or Enter, or press ? or * to list all spells.
You conjure some foxfire!
The orc hits you with a +0 flail!
* * * LOW HITPOINT WARNING * * *
An orc comes into view. It is wielding a +0 dagger.
The foxfire hits the orc. x2
You kill the orc!
The orc priest mumbles some strange prayers to Beogh against you.
You resist with some effort. 😨 HP[-6]
You take 6 damage, and now have 9/33 hp.
Casting: Foxfire (safe; 3% risk of failure)
Confirm with . or Enter, or press ? or * to list all spells.
Flames lash the orc priest but do no damage.
The orc shouts!
You hear a shout!
The orc priest calls down the wrath of Beogh upon you.
Beogh smites you!
You die...

Skill      XL: |  1  2  3 |
---------------+----------+-----
Conjurations   | 1 2 |  2.9
Fire Magic     | 3 |  3.9
Spellcasting   | 2 |  2.5
Dodging        | |  1.7
Stealth        | |  1.7

Action                   |  1- 3 |  4- 6 || total
-------------------------+-------+-------++-------
Melee: Hand axe          |     2 |       ||     2
       War axe           |     6 |       ||     6
 Cast: Foxfire           |    73 |    44 ||   117
       Scorch            |     4 |     5 ||     9
  Use: Scroll            |     8 |     3 ||    11
Armor: Robe              |     4 |     2 ||     6
Dodge: Dodged            |    13 |     8 ||    21

Levels and vault maps discovered:
D:1:      ncdulo_smallfort, layout_loops_ring, minmay_misc_feat_doors,
          nicolae_figureground_pulse
D:2:      layout_loops_cross, nicolae_ecumenical_pavilion, basic_altar
D:3:      layout_rooms, dreamdust_divine_triumvirate, kennysheep_boxes
D:4:      layout_rooms, nicolae_overflow_two_pavilions,
          gammafunk_ghost_mausoleum, serial_bayou_ford_a, chequers_avenue,
          dreamdust_wishing_well

Notes
Turn   | Place    | Note
-------+----------+-------------------------------------------
     0 | D:1      | kae the Demigod Fire Elementalist began the quest for the
                  | Orb.
     0 | D:1      | Reached XP level 1. HP: 14/14 MP: 5/5
     0 | D:1      | magus.rc [v1.11.3]
    30 | D:1      | Reached skill level 1 in Conjurations
   340 | D:1      | Reached XP level 2. HP: 18/20 MP: 4/7
   383 | D:1      | Reached skill level 3 in Fire Magic
   465 | D:1      | Reached skill level 2 in Spellcasting
   978 | D:2      | Identified the +12 war axe of Nier {freeze, rN+ Will+
                  | Dex-4}
  1101 | D:2      | Learned a level 2 spell: Scorch
  1234 | D:2      | Reached XP level 3. HP: 11/26 MP: 8/8
  1618 | D:2      | Reached skill level 2 in Conjurations
  2522 | D:3      | Reached XP level 4. HP: 33/33 MP: 7/10
  2537 | D:3      | You pick up a book of Air and begin reading...
  2537 | D:3      | You add the spells Shock, Swiftness and Airstrike to your
                  | library.
  3140 | D:3      | Learned a level 3 spell: Conjure Flame
  3415 | D:4      | HP: 8/33 [orc/+0 flail (7)]
  3417 | D:4      | Killed from afar by an orc priest

Vanquished Creatures
  6 adders
  3 gnolls
  2 worms
  4 dart slugs
  2 orcs (D:4)
  3 bats
  6 endoplasms
  2 giant cockroaches (D:1)
  5 goblins
  2 hobgoblins (D:1)
  2 jackals (D:1)
  5 kobolds
  4 quokkas
  9 ball pythons
  3 frilled lizards
  A rat (D:3)
59 creatures vanquished.

Vanquished Creatures (others)
  200 foxfires
  13 plants (D:4)
213 creatures vanquished.

Grand Total: 272 creatures vanquished

Table legend:
 A = Non-vault XP
 B = Vault XP
 C = Vault XP percentage of total XP
 D = Non-vault monster count
 E = Vault monster count
 F = Vault count percentage of total count
                 A         B        C        D         E       F
            +---------+---------+-------+---------+---------+-------
      Total |     220 |       0 |   0.0 |      59 |       0 |   0.0
            +---------+---------+-------+---------+---------+-------
        D:1 |      29 |       0 |   0.0 |      17 |       0 |   0.0
        D:2 |      57 |       0 |   0.0 |      10 |       0 |   0.0
        D:3 |      61 |       0 |   0.0 |      20 |       0 |   0.0
        D:4 |      73 |       0 |   0.0 |      12 |       0 |   0.0
            +---------+---------+-------+---------+---------+-------

Illustrated notes

Table legend:
 A = Kills in this place as a percentage of kills in entire the game.
 B = Kills by you in this place as a percentage of kills by you in the entire game.
 C = Kills by friends in this place as a percentage of kills by friends in the entire game.
 D = Other kills in this place as a percentage of other kills in the entire game.
 E = Experience gained in this place as a percentage of experience gained in the entire game.
 F = Experience gained in this place divided by the number of levels of this place that you have seen.
                   A       B       C       D       E      F
               +-------+-------+-------+-------+-------+----------------------
         Total | 100.0 | 100.0 |   N/A |   N/A | 100.0 |  55.0
       Dungeon | 100.0 | 100.0 |   N/A |   N/A | 100.0 |  55.0
               +-------+-------+-------+-------+-------+----------------------

Table legend: (Time is in decaauts)
 A = Elapsed time spent in this place.
 B = Non-inter-level travel time spent in this place.
 C = Inter-level travel time spent in this place.
 D = Time resting spent in this place.
 E = Time spent auto-exploring this place.
 F = Levels seen in this place.
 G = Mean time per level.
                   A        B        C        D        E       F      G
               +--------+--------+--------+--------+--------+-----+--------+
         Total |   3419 |   3360 |     59 |    109 |   2778 |   4 |  854.8 |
       Dungeon |   3419 |   3360 |     59 |    109 |   2778 |   4 |  854.8 |
               +--------+--------+--------+--------+--------+-----+--------+

Top non-repeatable levels by time:
     D:2: 1178 daAuts
     D:1: 974 daAuts
     D:3: 909 daAuts
     D:4: 357 daAuts
